 Dungeon Crawl Stone Soup version 0.31.0-32-g396128a36d (webtiles) character file.

Game seed: 7812037485535135738

29530 raph the Arsonist (level 13, 0/102 HPs)
             Began as a Djinni Fire Elementalist on Mar 12, 2024.
             Was an Elder of Makhleb.
             Slain by a four-headed hydra (10 damage)
             ... on level 3 of the Lair of Beasts.
             The game lasted 00:27:41 (16494 turns).

raph the Arsonist (Djinni Fire Elementalist)       Turns: 16494, Time: 00:27:41

Health: 0/102      AC: 18    Str:  9    XL:     13   Next: 81%
Gold:   532        EV: 16    Int: 25    God:    Makhleb [****..] SH:  0 Dex: 14

rFire   + + .        a - staff of conjuration
rCold   x . .        (no shield)
rNeg    . . .        t - +3 leather armour
rPois   ∞            E - +1 helmet
rElec   .            r - +2 cloak
rCorr   .            s - +2 pair of gloves
SInv    .            (boots unavailable)
Will    +....        (no amulet)
Stlth   ++++         j - +4 ring of protection
HPRegen 0.37/turn    d - ring "Uzimp" {Wiz Str+2 Int+3}
MPRegen 0.00/turn

%: wizardry (x1), infuse magic (-1 HP)
@: flying, studying Fire Magic
A: sickness immunity, fire resistance 2, cold vulnerability 1, float, innate
caster, HP casting, extra vitality 1
a: Renounce Religion, Minor Destruction, Lesser Servant of Makhleb, Major
Destruction


You were on level 3 of the Lair of Beasts.
You worshipped Makhleb.
Makhleb was greatly pleased with you.
You visited 2 branches of the dungeon, and saw 14 of its levels.

You collected 980 gold pieces.
You spent 448 gold pieces at shops.

Inventory:

Hand Weapons
 b - a +1 scimitar of flaming
 D - a +1 heavy scimitar
Missiles
 h - 76 poisoned darts
 k - 4 darts of dispersal
 F - a throwing net
Armour
 r - a +2 cloak (worn)
 s - a +2 pair of gloves (worn)
 t - a +3 leather armour (worn)
 A - the +0 leather armour of Minor Irritation {rF+ MP+9 Int+3}
   (You bought it in a shop on level 1 of the Dungeon)

   Int+3:     It affects your intelligence (+3).
   rF+:       It protects you from fire.
   MP+9:      It affects your magic capacity (+9).
 E - a +1 helmet (worn)
 L - a +1 hat of intelligence
Magical Staves
 a - a staff of conjuration (weapon)
Jewellery
 d - the ring "Uzimp" (right hand) {Wiz Str+2 Int+3}
   (You acquired it on level 5 of the Dungeon)

   [ring of wizardry]

   Wiz:       It improves your spell success rate.
   Str+2:     It affects your strength (+2).
   Int+3:     It affects your intelligence (+3).
 j - a +4 ring of protection (left hand)
 C - a ring of positive energy
 I - a +4 ring of slaying
Wands
 q - a wand of polymorph (3)
 u - a wand of flame (8)
 z - a wand of acid (6)
 B - a wand of iceblast (3)
Scrolls
 g - 3 scrolls of fog
 i - 6 scrolls of teleportation
 o - 3 scrolls of poison
 y - 3 scrolls of identify
 J - a scroll of immolation
 K - a scroll of vulnerability
 M - a scroll of enchant weapon
Potions
 c - 3 potions of enlightenment
 e - 4 potions of brilliance
 f - 6 potions of curing
 l - 3 potions of mutation
 m - 3 potions of heal wounds
 n - a potion of lignification
 p - 3 potions of attraction
 v - 2 potions of cancellation
 w - 3 potions of haste
 x - 2 potions of berserk rage
 G - a potion of ambrosia


   Skills:
 * Level 12.7 Fighting
 + Level 10.1 Dodging
 + Level 8.4 Stealth
 * Level 9.9 Spellcasting
 * Level 9.9 Conjurations
 * Level 9.9 Hexes
 * Level 9.9 Summonings
 * Level 9.9 Necromancy
 * Level 9.9 Translocations
 * Level 12.7 Fire Magic
 * Level 9.9 Ice Magic
 * Level 9.9 Air Magic
 * Level 9.9 Earth Magic
 * Level 9.9 Alchemy
 + Level 7.4 Invocations


You knew the following spells:

 Your Spells              Type           Power      Damage    Failure   Level
a - Foxfire               Conj/Fire      100%       2x1d9     1%          1
b - Scorch                Fire           100%       2d9       1%          2
c - Volatile Blastmotes   Fire/Tloc      100%       2d18      1%          3
d - Inner Flame           Hex/Fire       62%        N/A       1%          3
e - Flame Wave            Conj/Fire      81%        2d18      1%          4
f - Shock                 Conj/Air       100%       1d9       1%          1
g - Searing Ray           Conj           100%       2d8       1%          2
h - Jinxbite              Hex            100%       N/A       1%          2
i - Call Canine Familiar  Summ           58%        N/A       1%          3
j - Animate Armour        Summ/Erth      100%       N/A       1%          4
k - Yara's Violent Unrav  Hex/Alch       29%        3d12      1%          5
Your spell library was empty.

Dungeon Overview and Level Annotations

Branches:
Dungeon (11/15)            Temple (0/1) D:7            Lair (3/5) D:11
  Snake (0/4) Lair:2
  Swamp: Lair:2-3    Shoals: Lair:2-3       Orc: D:9-12

Altars:
Cheibriados
Dithmenos
Gozag
Hepliaklqana
Makhleb
Nemelex Xobeh
Ru
Trog
Uskayaw
Xom
Yredelemnul
Zin
The Shining One
Jiyva

Shops:
D:1 ([   D:4 *   D:8 =!!![

Annotations:
Lair:1 3 runed translucent doors, JaaP's ghost, journeyman HOMo


Innate Abilities, Weirdness & Mutations

You are immune to sickness and miasma.
You are immune to poison.
Your flesh is very heat resistant. (rF++)
You are vulnerable to cold. (rC-)
You float through the air rather than walking.
You learn spells naturally, not from books.
Your magical power is your life essence.
You have superior vitality. (+4 MHP)


Message History

The four-headed hydra closely misses you.
The four-headed hydra bites you but does no damage. x2
The elephant looks as sick as possible!
Casting: Flame Wave (safe; 1% risk of failure)
Confirm with . or Enter, or press ? or * to list all spells.
Casting: Flame Wave (safe; 1% risk of failure)
Press: ? - help, Dir - look around, f - activate You feel a surge of power!
A wave of flame ripples out!
The flame wave engulfs the elephant!
The elephant is almost dead.
The flame wave engulfs the four-headed hydra!!
The four-headed hydra is severely wounded.
The flame wave engulfs the plant!!
The plant begins to die.
The plant is lightly damaged.
The flame wave engulfs the four-headed hydra!!
The four-headed hydra is moderately wounded. (Press . to intensify the flame waves.)
* * * LOW HITPOINT WARNING * * *
The four-headed hydra misses you. The four-headed hydra bites you!
* * * LOW HITPOINT WARNING * * *
The four-headed hydra barely misses you.
The four-headed hydra bites you but does no damage. x3
The four-headed hydra barely misses you.
The four-headed hydra bites you but does no damage.
The elephant is engulfed in poison gas.
The elephant looks as sick as possible!
You kill the elephant!
Makhleb accepts your kill.
You feel better.
A wave of flame ripples out!
The flame wave engulfs the four-headed hydra!!
You kill the four-headed hydra!
Makhleb accepts your kill.
The flame wave engulfs the plant!!
The plant is moderately damaged.
The flame wave engulfs the four-headed hydra!
The four-headed hydra is heavily wounded.
* * * LOW HITPOINT WARNING * * *
The four-headed hydra bites you but does no damage.
The four-headed hydra bites you!
You die...

.............^.....
#.[......##.............
#..####...P........#.#..
#### #........##......#.
#..###....§§§○§§§○. ####
#..##§§§§§○○..
##.###☼○§§§##^
##...##§P○§....
##.P.###@☼§#.#..
#.....#§§D.○§○§.
##...§○§Y#...##.
####§§§Y..§## ##○§.#P.☼#
###○§§##○###
#.§§☼.○..§.#
....§§#§§§#####
#....###†..#


You could see a four-headed hydra and 2 elephants.

Vanquished Creatures
  Gastronok (Lair:2)
  Nessos (Lair:3)
  Fannar (Lair:3)
  Josephine (D:10)
  Erica (Lair:1)
  3 hydras (Lair:3)
  2 two-headed ogres (D:9)
  A lindwurm (Lair:2)
  A manticore (D:11)
  A salamander (Lair:2)
  9 elephants
  A black mamba (Lair:3)
  9 cane toads
  2 unseen horrors
  A kobold demonologist (D:11)
  2 rime drakes
  7 komodo dragons
  2 trolls (D:11)
  8 blink frogs (Lair:2)
  A hornet (Lair:3)
  Prince Ribbit (D:7)
  A shadow (D:10)
  5 slime creatures (D:10)
  12 yaks
  5 wraiths (D:10)
  2 wyverns
  2 steam dragons (D:8)
  A basilisk (D:11)
  Eustachio (D:5)
  Menkaure (D:7)
  3 swamp worms (Lair:3)
  4 water moccasins
  An ice beast (D:6)
  2 orc warriors
  A sky beast (D:7)
  2 black bears
  6 wolves (Lair:2)
  12 centaurs
  2 phantoms
  6 kobold brigands
  4 bullfrogs
  5 scorpions
  2 gnoll sergeants
  7 wights
  10 killer bees
  2 howler monkeys (D:11)
  2 lava snakes (Lair:2)
  2 jellies
  2 orc priests (D:10)
  4 hounds
  A gnoll bouda (D:5)
  2 orc wizards (D:11)
  3 sleepcaps
  6 iguanas
  4 hell rats (Lair:3)
  19 gnolls
  5 adders
  3 white imps
  2 ufetubi (D:4)
  2 ribbon worms (D:2)
  2 dart slugs
  15 orcs
  2 endoplasms
  6 giant cockroaches
  10 goblins
  9 hobgoblins
  10 jackals
  5 quokkas
  5 ball pythons
  6 bats
  3 frilled lizards (D:2)
  39 kobolds
  6 rats
  A butterfly (Lair:1)
331 creatures vanquished.

Vanquished Creatures (collateral kills)
  A fire dragon (Lair:2)
  A gargoyle (D:10)
  A lava snake (Lair:2)
  4 foxfires (D:9)
7 creatures vanquished.

Vanquished Creatures (others)
  603 foxfires
603 creatures vanquished.

Grand Total: 941 creatures vanquished

Notes
Turn   | Place    | Note
-------+----------+-------------------------------------------
     0 | D:1      | raph the Djinni Fire Elementalist began the quest for the
                  | Orb.
     0 | D:1      | raph set off with the following spells memorised: Foxfire,
                  | Scorch, Volatile Blastmotes, Inner Flame, Flame Wave.
     0 | D:1      | Reached XP level 1. HP: 15/15 MP: 0/0
   322 | D:1      | Found Geatrann's Antique Armour Shoppe.
   345 | D:1      | Found Plog's Antique Weapon Shoppe.
   445 | D:1      | Reached XP level 2. HP: 19/22 MP: 0/0
   646 | D:1      | Reached skill level 1 in Fighting
   800 | D:2      | Reached XP level 3. HP: 15/27 MP: 0/0
   800 | D:2      | Learned a level 1 spell: Shock
  1270 | D:2      | Reached XP level 4. HP: 30/32 MP: 0/0
  1511 | D:2      | Reached XP level 5. HP: 34/38 MP: 0/0
  1511 | D:2      | Learned a level 2 spell: Searing Ray
  1615 | D:2      | Noticed a phantom
  1620 | D:2      | Killed a phantom
  1915 | D:2      | Reached XP level 6. HP: 42/45 MP: 0/0
  2023 | D:3      | Found a sparkling altar of Nemelex Xobeh.
  2099 | D:3      | Found a hide-covered altar of Uskayaw.
  3178 | D:4      | Found Hezo's General Store.
  3439 | D:4      | Found a glowing golden altar of the Shining One.
  3548 | D:4      | Reached XP level 7. HP: 47/51 MP: 0/0
  3548 | D:4      | Learned a level 2 spell: Jinxbite
  3563 | D:4      | Found a burning altar of Makhleb.
  3574 | D:4      | Became a worshipper of Makhleb the Destroyer
  3931 | D:5      | Entered Level 5 of the Dungeon
  4000 | D:1      | Bought a runed cloak for 187 gold pieces
  4162 | D:5      | Reached XP level 8. HP: 50/58 MP: 0/0
  4471 | D:5      | Identified a scroll of acquirement
  4471 | D:5      | Acquired the ring "Uzimp" {Wiz Str+2 Int+3}
  4516 | D:5      | Reached skill level 5 in Spellcasting
  4516 | D:5      | Reached skill level 5 in Conjurations
  4516 | D:5      | Reached skill level 5 in Hexes
  4516 | D:5      | Reached skill level 5 in Summonings
  4516 | D:5      | Reached skill level 5 in Necromancy
  4516 | D:5      | Reached skill level 5 in Translocations
  4516 | D:5      | Reached skill level 5 in Fire Magic
  4516 | D:5      | Reached skill level 5 in Ice Magic
  4516 | D:5      | Reached skill level 5 in Air Magic
  4516 | D:5      | Reached skill level 5 in Earth Magic
  4516 | D:5      | Reached skill level 5 in Alchemy
  5099 | D:5      | Reached skill level 5 in Fighting
  5201 | D:5      | Identified the +1 ring mail of Siachug {Rampage rElec rF-
                  | Dex+4}
  5204 | D:5      | Noticed Eustachio
  5222 | D:5      | Killed Eustachio
  5397 | D:6      | Reached * piety under Makhleb
  5489 | D:6      | Found a shadowy altar of Dithmenos.
  5495 | D:6      | Reached skill level 5 in Dodging
  5495 | D:6      | Reached XP level 9. HP: 42/66 MP: 0/0
  5495 | D:6      | Learned a level 3 spell: Call Canine Familiar
  5827 | D:6      | Found a bloodstained altar of Trog.
  6303 | D:6      | Found a snail-covered altar of Cheibriados.
  6362 | D:7      | Noticed Prince Ribbit
  6367 | D:7      | Noticed Menkaure
  6369 | D:7      | Killed Prince Ribbit
  6369 | D:7      | Killed Menkaure
  6783 | D:7      | Found a staircase to the Ecumenical Temple.
  7102 | D:1      | Bought a smoking leather armour for 175 gold pieces
  7102 | D:1      | Identified the +0 leather armour of Minor Irritation {rF+
                  | MP+9 Int+3} (You bought it in a shop on level 1 of the
                  | Dungeon)
  7591 | D:8      | Reached skill level 1 in Invocations
  7591 | D:8      | Reached XP level 10. HP: 47/75 MP: 0/0
  7790 | D:8      | Reached ** piety under Makhleb
  7803 | D:8      | Reached skill level 5 in Stealth
  8026 | D:8      | Found Vaotaxtawk's Jewellery Shoppe.
  8177 | D:8      | Found Vaozu's Distillery.
  8217 | D:8      | Found Puilifre's Armour Shop.
  8453 | D:8      | Bought a +0 helmet for 72 gold pieces
  8485 | D:8      | Found Teorgh's Distillery.
  8488 | D:8      | Bought a potion of degeneration for 14 gold pieces
  8556 | D:8      | Reached *** piety under Makhleb
  8580 | D:8      | Found Liph's Distillery.
  8839 | D:9      | Found a basalt altar of Yredelemnul.
  8863 | D:9      | Found a sacrificial altar of Ru.
  8936 | D:9      | Found an opulent altar of Gozag.
  8936 | D:9      | Found a glowing silver altar of Zin.
  8986 | D:9      | Found a hazy altar of Hepliaklqana.
  8987 | D:9      | Found a shimmering altar of Xom.
  8988 | D:9      | Noticed a spectral ugly thing
  9003 | D:9      | Noticed a two-headed ogre
  9024 | D:9      | Killed a two-headed ogre
  9565 | D:9      | Noticed a two-headed ogre
  9570 | D:9      | Killed a two-headed ogre
  9762 | D:9      | Reached XP level 11. HP: 84/84 MP: 0/0
  9762 | D:9      | Learned a level 4 spell: Animate Armour
  9869 | D:10     | Entered Level 10 of the Dungeon
 10013 | D:10     | Noticed Josephine
 10023 | D:10     | Killed Josephine
 10095 | D:10     | Reached skill level 10 in Fire Magic
 10547 | D:10     | Identified the +2 cloak of Duviek {+Blink +Inv rF+ Int-3}
 10870 | D:11     | Reached **** piety under Makhleb
 10871 | D:11     | Reached skill level 10 in Fighting
 10878 | D:11     | Noticed a manticore
 10887 | D:11     | Killed a manticore
 11417 | D:11     | Reached skill level 5 in Invocations
 11417 | D:11     | Reached XP level 12. HP: 84/92 MP: 0/0
 11601 | D:11     | Found a staircase to the Lair.
 12587 | Lair:1   | Entered Level 1 of the Lair of Beasts
 12711 | Lair:1   | Found a runed translucent gate.
 12711 | Lair:1   | Found a runed translucent gate.
 12712 | Lair:1   | Found a runed translucent gate.
 12712 | Lair:1   | Noticed JaaP's ghost (journeyman HOMo)
 12861 | Lair:1   | Noticed Erica
 12889 | Lair:1   | Killed Erica
 13377 | Lair:1   | Found a viscous altar of Jiyva.
 13798 | Lair:2   | Noticed Gastronok
 13809 | Lair:2   | Killed Gastronok
 13882 | Lair:2   | Reached XP level 13. HP: 91/100 MP: 0/0
 13882 | Lair:2   | Learned a level 5 spell: Yara's Violent Unravelling
 14247 | Lair:2   | Noticed a fire dragon
 14958 | Lair:2   | Killed a fire dragon
 15355 | Lair:2   | Found a staircase to the Snake Pit.
 15929 | Lair:3   | Noticed a four-headed hydra
 15929 | Lair:3   | Noticed Nessos
 15931 | Lair:3   | Noticed a four-headed hydra
 15936 | Lair:3   | Killed a four-headed hydra
 15942 | Lair:3   | HP: 5/102 [Nessos/arrow (24)]
 15949 | Lair:3   | HP: 2/102 [four-headed hydra (5)]
 15950 | Lair:3   | Killed Nessos
 15951 | Lair:3   | Reached skill level 10 in Dodging
 16419 | Lair:3   | Noticed a four-headed hydra
 16427 | Lair:3   | Killed a four-headed hydra
 16443 | Lair:3   | Identified the +1 ring mail "Voufudez" {rF+ rN+}
 16476 | Lair:3   | Noticed Fannar
 16482 | Lair:3   | Killed Fannar
 16484 | Lair:3   | HP: 4/102 [elephant (9)]
 16485 | Lair:3   | Noticed a four-headed hydra
 16493 | Lair:3   | HP: 5/102 [four-headed hydra (10)]
 16494 | Lair:3   | Killed a four-headed hydra
 16494 | Lair:3   | Slain by a four-headed hydra

Illustrated notes

Levels and vault maps discovered:
D:1:      ldierk_walled_garden, layout_basic, serial_shops,
          nicolae_shop_advertising_works [nicolae_subvault_shop_adworks],
          nicolae_shop_real_fake_doors
D:2:      layout_basic, kennysheep_generic_room_12
D:3:      layout_basic, mainiacjoe_overflow_24_doors,
          nicolae_overflow_crystal_walls
D:4:      layout_basic, tso_altar, makhleb_heckhound_becter, serial_shops,
          nicolae_inconvenience_store
D:5:      layout_loops_cross, mainiacjoe_overflow_six_doors_small,
          uniq_eustachio
D:6:      layout_rooms, kennysheep_mini_moat, lemuel_tele_altar,
          grunt_temple_overflow_open
D:7:      layout_basic, minmay_temple_entry_slanted, uniq_prince_ribbit1,
          uniq_menkaure
D:8:      layout_loops_ring, serial_shops, nicolae_shop_statue_plus, shop, shop,
          shop, kennysheep_mini, dk_vineyard_1
D:9:      layout_loops_ring, grunt_temple_overflow_gold_and_silver,
          mainiacjoe_overflow_catch_the_wave, regret_index_temple_of_mockery
D:10:     layout_small_grid, uniq_josephine
D:11:     layout_layer_cave, minmay_lair_entry_grove
Lair:1:   layout_roguey, gammafunk_ghost_ooze, lemuel_fruit_fields,
          lemuel_fruit_fields, uniq_erica
Lair:2:   layout_chaotic_city, nicolae_snake_entry_warm_welcome,
          hellmonk_talismancer, uniq_gastronok
Lair:3:   layout_misc_corridors, palyth_hydra_swamp_entry,
          nzn_masters_of_martial_movement, uniq_fannar, uniq_nessos

Skill      XL: |  1  2  3  4  5  6  7  8  9 10 11 12 13 |
---------------+----------------------------------------+-----
Fighting       | 1 2 3 4 6 7 9 10 11 12 | 12.7
Stealth        | 2 3 4 5 6 7 8 |  8.4
Dodging        | 3 4 5 6 7 8 9 10 | 10.1
Spellcasting   | 4 5 6 7 8 9 |  9.9
Conjurations   | 4 5 6 7 8 9 |  9.9
Hexes          | 4 5 6 7 8 9 |  9.9
Summonings     | 4 5 6 7 8 9 |  9.9
Necromancy     | 4 5 6 7 8 9 |  9.9
Translocations | 4 5 6 7 8 9 |  9.9
Fire Magic     | 4 6 7 9 10 11 12 | 12.7
Ice Magic      | 4 5 6 7 8 9 |  9.9
Air Magic      | 4 5 6 7 8 9 |  9.9
Earth Magic    | 4 5 6 7 8 9 |  9.9
Alchemy        | 4 5 6 7 8 9 |  9.9
Invocations    | 1 3 5 6 7 |  7.4

Action                     |  1- 3 |  4- 6 |  7- 9 | 10-12 | 13-15 || total
---------------------------+-------+-------+-------+-------+-------++-------
  Melee: Staff             |     1 |     5 |     2 |     2 |    15 ||    25
   Cast: Foxfire           |    43 |    91 |    68 |   146 |    12 ||   360
         Scorch            |     5 |    21 |    46 |    57 |     6 ||   135
         Flame Wave        |       |     3 |    24 |    52 |    20 ||    99
         Inner Flame       |       |       |     9 |    21 |     1 ||    31
         Jinxbite          |       |       |     1 |       |     4 ||     5
         Volatile Blastmot |       |       |       |     3 |       ||     3
         Call Canine Famil |       |       |       |     2 |       ||     2
         Animate Armour    |       |       |       |     1 |       ||     1
         Searing Ray       |       |       |       |       |     9 ||     9
 Invoke: Lesser Servant of |       |       |       |       |     3 ||     3
         Major Destruction |       |       |       |       |     3 ||     3
    Use: Scroll            |       |     7 |    11 |     6 |     7 ||    31
         Potion            |       |       |       |       |     5 ||     5
   Stab: Sleeping          |       |     1 |       |       |       ||     1
         Distracted        |       |       |       |       |     2 ||     2
 Armour: Robe              |     7 |    12 |     5 |       |       ||    24
         Leather armour    |       |       |    46 |   104 |   167 ||   317
  Dodge: Dodged            |    11 |    28 |    33 |    68 |   122 ||   262
